Map: Prion Terraces

Players

picur

  • Race: Zerg Zerg
  • League: Master

Hadarok - Winner!

  • Race: Protoss Protoss
  • League: Master

VOD

Have the link to the VOD?

Description

Time

  • Played on: Jan. 19, 2016, 2:42 p.m.
  • Length: 7:46
Show
View Real Time Build Order
Export as new Build Order

picur Zerg 

Build Orders: Pool First 

Get SALT Encoding   

  12  0:19  Spawning Pool  
  11  0:23  Extractor  
  11  0:24  Drone  
  11  0:29  Drone  
  11  0:34  Drone  
  13  0:49  Overlord  
  13  0:51  Drone  
  14  1:06  Queen  
  14  1:10  Zergling x2  
  17  1:16  Zergling x2  
  18  1:29  Metabolic Boost  
  18  1:39  Zergling x4  
  20  1:45  Evolution Chamber  
  19  1:47  Zergling x2  
  20  2:00  Zergling x2  
  21  2:04  Overlord  
  21  2:16  Zergling x2  
  21  2:22  Zergling x2  
  23  2:41  Hatchery  
  20  2:52  Drone x3  
  23  3:02  Zergling x8  
  26  3:14  Zergling x2  
  25  3:34  Zergling x2  
  25  3:35  Zergling x6  
  29  3:49  Zergling x2  
  22  4:21  Zergling x2  
  22  4:22  Zergling x12  
  26  4:39  Zergling x4  
  26  4:40  Zergling x2  
  26  4:44  Queen  
  30  4:46  Overlord, Zergling x2  
  30  4:47  Zergling x4  
  30  5:12  Zergling x14  
  31  5:36  Drone x2  
  31  5:37  Drone x2  
  35  5:59  Drone  
  35  6:00  Drone x6  
  30  6:19  Roach Warren  
  30  6:21  Drone x2  
  30  6:22  Drone x3  
  34  6:28  Drone  
  35  6:35  Zergling x8  
  35  6:36  Zergling x4  
  35  6:37  Zergling x2  
  42  6:41  Spine Crawler  
  42  6:42  Spine Crawler  
  42  6:44  Drone  
  42  6:45  Drone  
  37  7:03  Roach x3  
  37  7:07  Roach  
  37  7:08  Roach x2  
Show
View Real Time Build Order
Export as new Build Order

Hadarok Protoss - Winner!

Build Orders:  

Get SALT Encoding   

  12  0:01  Probe (Chrono Boost)  
  13  0:11  Probe (Chrono Boost)  
  14  0:17  Pylon  
  14  0:22  Probe (Chrono Boost)  
  16  0:35  Probe (Chrono Boost)  
  16  0:38  Gateway  
  16  0:42  Assimilator  
  16  0:46  Probe (Chrono Boost)  
  18  0:57  Probe (Chrono Boost)  
  18  1:07  Probe (Chrono Boost)  
  19  1:31  Probe (Chrono Boost)  
  20  1:33  Cybernetics Core  
  20  1:35  Assimilator  
  20  1:38  Pylon  
  20  1:42  Probe (Chrono Boost)  
  21  1:53  Probe (Chrono Boost)  
  22  1:59  Pylon  
  22  2:03  Probe (Chrono Boost)  
  23  2:10  Adept (Chrono Boost)  
  27  2:17  Robotics Facility  
  27  2:20  Probe (Chrono Boost)  
  26  2:34  Gateway  
  26  2:37  Gateway  
  26  2:42  Gateway  
  26  2:52  Gateway  
  26  3:02  Twilight Council  
  26  3:08  Mothership Core  
  28  3:25  Gateway  
  28  3:32  Pylon  
  28  3:47  Cybernetics Core  
  28  3:54  Warp Prism  
  30  3:56  Probe  
  23  4:11  Probe  
  24  4:19  Resonating Glaives  
  24  4:26  Adept  
  25  4:40  Adept  
  27  4:46  Adept  
  27  4:49  Warp Gate (Chrono Boost)  
  25  5:16  Adept  
  25  5:18  Adept x2  
  31  5:22  Adept  
  33  5:29  Pylon  
  33  5:36  Probe  
  34  5:46  Pylon  
  34  5:52  Pylon  
  34  6:13  Probe  
  34  6:17  Gateway  
  32  6:25  Probe  
  32  6:37  Probe  
  33  6:49  Probe  
  33  6:51  Adept x2  
  33  6:52  Adept x2  
  42  7:20  Adept x4  
  46  7:40  Adept x4  
Tags
 
Add a new tag
Caveats
  • Supply blocks, unpowered buildings, or Contaminate may cause inaccurate times.
  • Supply counts are checked every 10 seconds.